Map: Dusk Towers

Players

DoJja

  • Race: Protoss Protoss
  • League: Platinum

LilDicky - Winner!

  • Race: Terran Terran
  • League: Diamond

VOD

http://www.twitch.tv/tumescentpie

Description

Time

  • Played on: Jan. 5, 2016, 10:48 p.m.
  • Length: 11:38
Show
View Real Time Build Order
Export as new Build Order

DoJja Protoss 

Build Orders: Oracle Opening 

Get SALT Encoding   

  12  0:01  Probe (Chrono Boost)  
  13  0:12  Probe (Chrono Boost)  
  14  0:27  Probe (Chrono Boost), Pylon  
  15  0:45  Probe (Chrono Boost)  
  15  0:47  Gateway  
  15  0:49  Gateway  
  16  0:58  Probe (Chrono Boost)  
  16  0:59  Assimilator  
  17  1:09  Probe (Chrono Boost)  
  18  1:12  Assimilator  
  18  1:19  Probe (Chrono Boost)  
  19  1:30  Probe (Chrono Boost), Pylon  
  20  1:41  Probe (Chrono Boost)  
  20  1:42  Cybernetics Core  
  21  1:48  Pylon  
  21  1:51  Probe (Chrono Boost)  
  21  2:02  Probe (Chrono Boost)  
  22  2:11  Pylon  
  22  2:13  Probe (Chrono Boost)  
  23  2:16  Pylon  
  23  2:23  Probe (Chrono Boost)  
  23  2:24  Adept  
  23  2:27  Adept  
  28  2:31  Warp Gate (Chrono Boost)  
  28  2:41  Stargate  
  28  2:44  Probe  
  29  3:01  Probe  
  30  3:09  Pylon  
  30  3:13  Probe  
  31  3:20  Adept x2  
  35  3:37  Mothership Core  
  35  3:38  Oracle (Chrono Boost)  
  40  3:42  Robotics Facility  
  34  4:09  Probe  
  35  4:21  Probe  
  36  4:30  Observer  
  37  4:47  Nexus  
  37  4:54  Nexus  
  37  4:55  Probe  
  38  5:02  Pylon  
  38  5:07  Probe  
  39  5:38  Stalker x2  
  43  5:49  Void Ray (Chrono Boost)  
  47  6:02  Adept x2  
  36  6:19  Mothership Core  
  36  6:25  Pylon  
  38  6:27  Pylon  
  38  6:32  Pylon  
  30  6:46  Probe x2  
  22  6:47  Probe  
  25  6:56  Probe x2  
  25  6:59  Probe  
  26  7:06  Void Ray (Chrono Boost)  
  26  7:11  Probe x2  
  26  7:12  Probe  
  22  7:30  Probe  
  22  7:31  Probe  
  22  7:32  Probe  
  25  7:44  Probe  
  25  7:47  Pylon  
  26  7:51  Cybernetics Core  
  26  7:54  Probe x2  
  22  8:15  Zealot  
  22  8:23  Probe x2  
  22  8:24  Probe  
  24  8:33  Gateway  
  23  8:37  Probe  
  21  8:45  Stalker  
  21  8:49  Gateway  
  21  8:50  Probe x2  
  21  8:51  Probe  
  24  9:01  Phoenix (Chrono Boost)  
  26  9:05  Probe  
  26  9:09  Probe x2  
  28  9:28  Phoenix (Chrono Boost)  
  29  9:34  Mothership Core  
  31  9:43  Adept  
  31  9:44  Zealot  
  27  9:49  Assimilator  
  24  9:53  Assimilator  
  18  10:20  Zealot x3  
  20  10:42  Adept x2  
  24  10:45  Mothership Core  
  21  11:15  Stalker x2  
Show
View Real Time Build Order
Export as new Build Order

LilDicky Terran - Winner!

Build Orders: MMM Bio 

Get SALT Encoding   

  12  0:01  SCV  
  13  0:13  SCV  
  14  0:18  Supply Depot  
  14  0:26  SCV  
  15  0:39  SCV  
  15  0:40  Refinery  
  16  0:47  Barracks  
  16  0:56  SCV  
  17  1:08  SCV  
  18  1:23  SCV  
  19  1:33  Marine  
  19  1:38  Orbital Command  
  20  1:43  Supply Depot  
  20  1:55  Marine  
  21  2:02  Barracks  
  21  2:04  Factory  
  21  2:12  SCV  
  22  2:19  Barracks  
  23  2:25  Barracks Reactor  
  22  2:30  SCV  
  22  2:33  Supply Depot  
  23  2:42  SCV  
  23  2:43  Refinery  
  24  2:55  SCV, Barracks Tech Lab  
  25  3:04  Marine x2  
  27  3:07  SCV  
  27  3:10  Barracks Tech Lab  
  28  3:15  Stimpack, Marine  
  28  3:17  Widow Mine  
  28  3:19  SCV  
  32  3:31  SCV, Marine x2  
  35  3:35  Combat Shields  
  32  3:56  Marine x2  
  32  4:02  SCV, Starport, Supply Depot  
  37  4:04  Marauder  
  36  4:14  SCV  
  39  4:19  Marauder  
  39  4:20  Supply Depot  
  39  4:24  Marine  
  39  4:28  Marauder, Marine  
  41  4:32  SCV  
  41  4:38  Engineering Bay  
  42  4:39  Medivac  
  42  4:40  Marine  
  42  4:44  Supply Depot  
  45  4:46  SCV  
  45  4:48  Marine  
  45  4:50  Marine  
  48  4:58  SCV  
  49  5:08  Missile Turret  
  49  5:10  Widow Mine  
  49  5:13  Marauder x2, Marine  
  55  5:27  Marine  
  47  5:30  Marine  
  47  5:32  SCV  
  47  5:34  Marine  
  47  5:35  Marine  
  49  5:51  Marine x2  
  49  5:54  Marauder  
  50  6:23  Marine, Medivac  
  50  6:24  Marine x2  
  55  6:28  Supply Depot  
  32  7:23  Marine  
  32  7:24  Marine x2  
  32  7:25  Marauder  
  32  7:28  SCV  
  36  7:42  Marauder  
  38  7:47  Command Center  
  38  7:48  Medivac  
  38  7:50  SCV  
  41  7:58  Marine x2  
  41  8:02  SCV  
  39  8:19  Marine x2  
  40  8:20  Medivac  
  40  8:21  Marine x2  
  42  8:43  Marine  
  42  8:44  Marine x2  
  42  8:45  Marauder  
  47  8:50  Medivac  
  49  9:01  Marine x2  
  49  9:02  Marine  
  50  9:05  Marine  
  50  9:06  Orbital Command  
  51  9:15  Factory  
  51  9:19  Marine  
  52  10:04  Marine x2  
  52  10:16  Marine x2  
  52  10:20  Factory Tech Lab  
  54  10:21  Starport Reactor  
  54  10:22  Marine x2  
  55  10:28  Barracks  
  55  10:34  Marine  
  55  10:35  Marauder  
  54  10:40  Marine x2  
  56  10:52  Marauder  
  56  10:56  Marauder  
  59  11:07  Marine x2  
  60  11:14  Marauder  
Tags
 
Add a new tag
Caveats
  • Supply blocks, unpowered buildings, or Contaminate may cause inaccurate times.
  • Supply counts are checked every 10 seconds.